 Dungeon Crawl Stone Soup version 0.30-a0-632-g346586fe48 (webtiles) character file.

Game seed: 16050445417936056209

130 Leeroy the Grasshopper (level 5, -2/43 HPs)
             Began as a Gnoll Warper on Jan 13, 2023.
             Was an Initiate of Hepliaklqana.
             Splashed by a jelly's acid (10 damage)
             ... on level 4 of the Dungeon.
             The game lasted 00:04:14 (2975 turns).

Leeroy the Grasshopper (Gnoll Warper)               Turns: 2975, Time: 00:04:14

Health: -2/43      AC:  0    Str: 11    XL:     5   Next: 13%
Magic:  6/12       EV: 14    Int: 12    God:    Hepliaklqana [......]
Gold:   215        SH:  0    Dex: 16    Spells: 6/14 levels left

rFire   . . .      SeeInvis .    a - +0 falchion
rCold   . . .      Faith    .    (no shield)
rNeg    . . .      Spirit   .    n - +1 robe of a Labyrinth {Dex+3}
rPois   .          Reflect  .    (no helmet)
rElec   .          Harm     .    j - +0 cloak
rCorr   .          Rampage  .    (no gloves)
Will    .....                    (no boots)
Stlth   ++                       (no amulet)
HPRegen 0.27/turn                (no ring)
MPRegen 0.13/turn                (no ring)

@: corroded, on blink cooldown, flying
A: fangs 1, strong nose, distributed training
a: Renounce Religion


You were on level 4 of the Dungeon.
You worshipped Hepliaklqana.
Hepliaklqana was noncommittal.
You visited 1 branch of the dungeon, and saw 4 of its levels.

You collected 215 gold pieces.

Inventory:

Hand Weapons
 a - a +0 falchion (weapon)
Missiles
 d - 7 boomerangs of dispersal
 k - 4 poisoned darts (quivered)
Armour
 b - a +0 leather armour
 j - a +0 cloak (worn)
 n - the +1 robe of a Labyrinth (worn) {Dex+3}
   (You found it on level 2 of the Dungeon)

   Dex:       It affects your dexterity (+3).
Scrolls
 c - 2 scrolls of blinking
 e - 2 scrolls of identify {unknown}
 f - 2 scrolls of enchant armour {unknown}
 g - a scroll of torment {unknown}
 i - 3 scrolls of fog {unknown}
 m - a scroll of magic mapping {unknown}
Potions
 h - a potion of flight
 l - a potion of berserk rage {unknown}


   Skills:
 + Level 4.7 Fighting
 + Level 1.4 Short Blades
 + Level 4.7 Long Blades
 + Level 1.4 Axes
 + Level 1.4 Maces & Flails
 + Level 1.4 Polearms
 + Level 1.4 Staves
 + Level 1.4 Ranged Weapons
 + Level 2.9 Throwing
 + Level 2.9 Armour
 + Level 4.7 Dodging
 + Level 1.4 Stealth
 + Level 1.4 Shields
 + Level 1.4 Unarmed Combat
 + Level 5.2 Spellcasting
 + Level 1.1 Conjurations
 + Level 1.1 Hexes
 + Level 1.1 Summonings
 + Level 1.1 Necromancy
 + Level 5.5 Translocations
 + Level 1.1 Transmutations
 + Level 1.1 Fire Magic
 + Level 1.1 Ice Magic
 + Level 1.1 Air Magic
 + Level 1.1 Earth Magic
 + Level 1.1 Poison Magic
 + Level 1.6 Invocations
 + Level 1.4 Evocations


You had 6 spell levels left.
You knew the following spells:

 Your Spells              Type           Power      Damage    Failure   Level
a - Blink                 Tloc           32%        N/A       3%          2
b - Vhi's Electric Charg  Tloc/Air       22%        N/A       16%         3
c - Teleport Other        Tloc           16%        N/A       6%          3

Your spell library contained the following spells:

 Spells                   Type           Power      Damage    Failure   Level
 Apportation              Tloc           32%        N/A       1%          1
 Lesser Beckoning         Tloc           32%        N/A       6%          3
 Necrotise                Necr           20%        1d5       12%         1
 Summon Small Mammal      Summ           20%        N/A       12%         1
 Manifold Assault         Tloc           16%        N/A       21%         4
 Anguish                  Hex/Necr       2%         N/A       77%         4
 Enfeeble                 Hex            2%         N/A       100%        7


Dungeon Overview and Level Annotations

Branches:
Dungeon (4/15)
 Temple: D:4-7

Altars:
Hepliaklqana


Innate Abilities, Weirdness & Mutations

You have very sharp teeth.
Your uncanny sense of smell can sniff out nearby items.
Your experience applies equally to all skills.


Message History

You throw a poisoned dart. The poisoned dart hits the jelly!
The jelly is heavily wounded.
Throw: 7 darts (poison)
Press: ? - help, Q - select action, (/) - cycle Shift-Dir - straight line, f/p - jelly
Aim: a jelly (moderately wounded, 90% to hit)
You throw a poisoned dart. The poisoned dart hits the jelly.
The jelly is moderately wounded.
Casting: Blink (safe; 3% risk of failure)
Confirm with . or Enter, or press ? or * to list all spells.
Okay, then.
You feel stable enough to blink again.
Casting: Blink (safe; 3% risk of failure)
Confirm with . or Enter, or press ? or * to list all spells.
You blink.
Throw: 6 darts (poison)
Press: ? - help, Q - select action, (/) - cycle Shift-Dir - straight line, f/p - jelly
Aim: a jelly (moderately wounded, 90% to hit)
You throw a poisoned dart. The poisoned dart hits the jelly.
The jelly is moderately wounded.
Throw: 5 darts (poison)
Press: ? - help, Q - select action, (/) - cycle Shift-Dir - straight line, f/p - jelly
Aim: a jelly (moderately wounded, 90% to hit)
You throw a poisoned dart. The poisoned dart hits the jelly.
The jelly is moderately wounded.
Casting: Blink (safe; 3% risk of failure)
Confirm with . or Enter, or press ? or * to list all spells.
Okay, then.
Casting: Blink (safe; 3% risk of failure)
Confirm with . or Enter, or press ? or * to list all spells.
You can't see anything to charge at.
Unknown command.
Casting: Vhi's Electric Charge (dangerous; 16% risk of failure)
Confirm with . or Enter, or press ? or * to list all spells.
Aiming: Teleport Other (dangerous; 6% risk of failure)
Press: ? - help, Shift-Dir - straight line, f/p - jelly
Aim: a jelly (moderately wounded, chance to affect: 64%)
The jelly looks slightly unstable.
The jelly hits you.
* * * LOW HITPOINT WARNING * * *
You are splashed with acid!
You die...

#(....#
#(....#######.###
#................
#...^.######..#
#..†).# #<....#
#...(.###.###.#
#....(#...#
##.#....#####
#.#....J@..#
#...######....#
#.### #### #.#
#.# ..


You could see a jelly (teleporting).

Vanquished Creatures
  3 gnolls (D:2)
  3 adders
  An ufetubus (D:4)
  A worm (D:2)
  3 dart slugs
  An orc (D:3)
  5 ball pythons
  6 endoplasms
  3 giant cockroaches
  3 goblins
  5 hobgoblins
  3 jackals (D:1)
  3 quokkas
  5 bats
  7 kobolds
  5 rats
57 creatures vanquished.

Notes
Turn   | Place    | Note
-------+----------+-------------------------------------------
     0 | D:1      | Leeroy the Gnoll Warper began the quest for the Orb.
     0 | D:1      | Reached XP level 1. HP: 20/20 MP: 6/6
   170 | D:1      | Reached XP level 2. HP: 21/26 MP: 7/7
   221 | D:1      | Learned a level 2 spell: Blink
   361 | D:1      | Found a faded altar of an unknown god.
   383 | D:1      | Reached skill level 5 in Spellcasting
   383 | D:1      | Reached XP level 3. HP: 28/31 MP: 7/9
   790 | D:2      | Reached skill level 1 in Invocations
   850 | D:2      | Learned a level 3 spell: Vhi's Electric Charge
   854 | D:2      | Learned a level 3 spell: Teleport Other
  1349 | D:3      | Reached skill level 1 in Short Blades
  1349 | D:3      | Reached skill level 1 in Axes
  1349 | D:3      | Reached skill level 1 in Maces & Flails
  1349 | D:3      | Reached skill level 1 in Polearms
  1349 | D:3      | Reached skill level 1 in Staves
  1349 | D:3      | Reached skill level 1 in Ranged Weapons
  1349 | D:3      | Reached skill level 1 in Stealth
  1349 | D:3      | Reached skill level 1 in Shields
  1349 | D:3      | Reached skill level 1 in Unarmed Combat
  1349 | D:3      | Reached skill level 1 in Evocations
  1501 | D:3      | Reached XP level 4. HP: 32/38 MP: 11/11
  2162 | D:2      | Reached skill level 1 in Conjurations
  2162 | D:2      | Reached skill level 1 in Hexes
  2162 | D:2      | Reached skill level 1 in Summonings
  2162 | D:2      | Reached skill level 1 in Necromancy
  2162 | D:2      | Reached skill level 1 in Transmutations
  2162 | D:2      | Reached skill level 1 in Fire Magic
  2162 | D:2      | Reached skill level 1 in Ice Magic
  2162 | D:2      | Reached skill level 1 in Air Magic
  2162 | D:2      | Reached skill level 1 in Earth Magic
  2162 | D:2      | Reached skill level 1 in Poison Magic
  2394 | D:2      | Found a hazy altar of Hepliaklqana.
  2402 | D:2      | Became a worshipper of Hepliaklqana the Forgotten
  2557 | D:2      | Reached XP level 5. HP: 39/43 MP: 12/12
  2621 | D:2      | Identified the +1 robe of a Labyrinth {Dex+3}
  2975 | D:4      | Splashed by a jelly's acid

Illustrated notes

Levels and vault maps discovered:
D:1:      minmay_arrival_jagged, layout_basic, basic_ecumenical_altar,
          chequers_garden
D:2:      layout_loops_ring, basic_altar, minivault_25, minmay_tetromino_o2
D:3:      layout_basic, serial_glass, glass_columns_b, glass_columns_a
D:4:      layout_rooms, yredelemnul_altar_generic,
          minmay_temple_entry_statues_pillars, chequers_ossuary_entry_cave

Skill      XL: |  1  2  3  4 |
---------------+-------------+-----
Spellcasting   | 5 |  5.2
Invocations    | 1 |  1.6
Short Blades   | 1 |  1.4
Axes           | 1 |  1.4
Maces & Flails | 1 |  1.4
Polearms       | 1 |  1.4
Staves         | 1 |  1.4
Ranged Weapons | 1 |  1.4
Stealth        | 1 |  1.4
Shields        | 1 |  1.4
Unarmed Combat | 1 |  1.4
Evocations     | 1 |  1.4
Conjurations   | 1 |  1.1
Hexes          | 1 |  1.1
Summonings     | 1 |  1.1
Necromancy     | 1 |  1.1
Transmutations | 1 |  1.1
Fire Magic     | 1 |  1.1
Ice Magic      | 1 |  1.1
Air Magic      | 1 |  1.1
Earth Magic    | 1 |  1.1
Poison Magic   | 1 |  1.1
Fighting       | |  4.7
Long Blades    | |  4.7
Throwing       | |  2.9
Armour         | |  2.9
Dodging        | |  4.7
Translocations | |  5.5

Action                   |  1- 3 |  4- 6 || total
-------------------------+-------+-------++-------
Melee: Falchion          |   117 |    99 ||   216
       Bite              |     6 |    14 ||    20
       Punch             |       |     1 ||     1
Throw: Dart              |       |     5 ||     5
 Cast: Blink             |     1 |     3 ||     4
       Teleport Other    |       |     2 ||     2
       Vhi's Electric Ch |       |     1 ||     1
  Use: Potion            |       |     1 ||     1
 Stab: Sleeping          |     2 |     1 ||     3
Armor: Leather armour    |    29 |    16 ||    45
       Robe              |       |     7 ||     7
Dodge: Dodged            |    72 |    87 ||   159

Table legend: (Time is in decaauts)
 A = Elapsed time spent in this place.
 B = Non-inter-level travel time spent in this place.
 C = Inter-level travel time spent in this place.
 D = Time resting spent in this place.
 E = Time spent auto-exploring this place.
 F = Levels seen in this place.
 G = Mean time per level.
                   A        B        C        D        E       F      G
               +--------+--------+--------+--------+--------+-----+--------+
         Total |   2989 |   2847 |    142 |      0 |   2270 |   4 |  747.2 |
       Dungeon |   2989 |   2847 |    142 |      0 |   2270 |   4 |  747.2 |
               +--------+--------+--------+--------+--------+-----+--------+

Top non-repeatable levels by time:
     D:3: 1227 daAuts
     D:2: 988 daAuts
     D:1: 725 daAuts
     D:4: 48 daAuts
